 Dungeon Crawl Stone Soup version 0.21-a0-414-gba8bdf1 (webtiles) character file.

1206 karf the Shield-Bearer (level 8, -2/64 HPs)
             Began as a Formicid Fighter on Nov 2, 2017.
             Was a Follower of Okawaru.
             Slain by a yak (10 damage)
             ... on level 4 of the Dungeon.
             The game lasted 00:07:48 (3002 turns).

karf the Shield-Bearer (Formicid Fighter)           Turns: 3002, Time: 00:07:49

Health: -2/64      AC: 11    Str: 22    XL:     8   Next: 73%
Magic:  8/8        EV:  9    Int:  8    God:    Okawaru [*.....]
Gold:   114        SH: 11    Dex: 11    Spells: 7/7 levels left

rFire    . . .     SeeInvis +   a - +0 quarterstaff
rCold    . . .     Gourm    .   c - +0 shield
rNeg     . . .     Faith    .   b - +0 scale mail
rPois    .         Spirit   .   (helmet unavailable)
rElec    .         Reflect  .   o - scarf {cloud immunity}
rCorr    .         Harm     .   (no gloves)
MR       .....                  l - +0 pair of boots
Stlth    ..........             (no amulet)
HPRegen  0.20/turn              q - +3 ring of protection
MPRegen  0.11/turn              (no ring)

@: no status effects
A: permanent stasis, dig shafts and tunnels, four strong arms, antennae 3
a: Dig, Shaft Self, Heroism, Renounce Religion


You were on level 4 of the Dungeon.
You worshipped Okawaru.
Okawaru was aware of your devotion.
You were not hungry.

You visited 1 branch of the dungeon, and saw 4 of its levels.

You collected 114 gold pieces.

Inventory:

Hand Weapons
 a - a +0 quarterstaff (weapon)
Armour
 b - a +0 scale mail (worn)
 c - a +0 shield (worn)
 l - a +0 pair of boots (worn)
 o - a scarf of cloud immunity (worn)
Jewellery
 q - a +3 ring of protection (left hand)
Wands
 s - a wand of flame (8/48)
Scrolls
 h - a scroll of immolation {unknown}
 i - a scroll of remove curse {unknown}
 n - 4 scrolls of teleportation {unknown}
 t - a scroll of identify {unknown}
Potions
 k - a potion of agility {unknown}
 m - a potion of ambrosia {unknown}
 r - a potion of lignification {unknown}
Comestibles
 f - 4 bread rations
 g - 6 fruits
 j - a royal jelly


   Skills:
 + Level 6.2 Fighting
 + Level 5.2 Staves
 + Level 6.2 Armour
 * Level 7.1 Shields


You had 7 spell levels left.
You didn't know any spells.

Dungeon Overview and Level Annotations

Branches:
Dungeon (4/15)
 Temple: D:4-7

Altars:
Okawaru
Xom
Yredelemnul


Innate Abilities, Weirdness & Mutations

You cannot be hasted, slowed, berserked, paralysed or teleported.
You can dig through walls and to a lower floor.
Your four strong arms can wield two-handed weapons with a shield.
You have a pair of large antennae on your head. (SInv)


Message History

The yak gores you.
* * * LOW HITPOINT WARNING * * *
You barely miss the yak.
The yak is severely wounded.
The yak barely misses you.
You hit the yak but do no damage.
The yak is severely wounded.
The yak gores you!
* * * LOW HITPOINT WARNING * * *
You hit the yak.
The yak is severely wounded.
The yak gores you!
* * * LOW HITPOINT WARNING * * *
You sock the yak!
You kill the yak!
Okawaru accepts your kill.
You can now gain great but temporary skills.
Your Shields skill increases to level 7!
You feel better. The yak gores you!
You die...

.....#########
.........# .....###.#
.....###'####
.....##.....#
.....##.....###
..............#
.....##.....#.##########
..... +.....+..Y@.......
.. ##.....#'##########
....#.........#
........Y.Y...#
.....##.##....#
.....#...#....#
.....Y.Y[[S?..#
......._......#
(?............#


You could see a yak.

Vanquished Creatures
  Sigmund (D:2)
  4 yaks (D:4)
  Menkaure (D:3)
  An ogre (D:4)
  A hound (D:4)
  An orc priest (D:3)
  2 orc wizards (D:3)
  A worker ant (D:4)
  5 adders
  3 gnolls
  2 worms
  5 dart slugs
  9 orcs
  3 giant cockroaches
  8 goblins
  6 hobgoblins
  10 kobolds
  2 quokkas (D:2)
  A ball python (D:3)
  10 bats
  6 frilled lizards
  2 rats
84 creatures vanquished.

Notes
Turn   | Place    | Note
-------+----------+-------------------------------------------
     0 | D:1      | karf the Formicid Fighter began the quest for the Orb.
     0 | D:1      | Reached XP level 1. HP: 18/18 MP: 1/1
    35 | D:1      | Reached XP level 2. HP: 9/24 MP: 2/2
   541 | D:1      | Reached XP level 3. HP: 29/29 MP: 3/3
   543 | D:1      | Reached skill level 4 in Shields
  1000 | D:2      | Reached XP level 4. HP: 37/37 MP: 4/4
  1179 | D:2      | Noticed Sigmund
  1188 | D:2      | Killed Sigmund
  1188 | D:2      | Reached skill level 5 in Shields
  1188 | D:2      | Reached XP level 5. HP: 35/43 MP: 5/5
  1188 | D:2      | Reached XP level 6. HP: 40/49 MP: 6/6
  1291 | D:2      | Found a basalt altar of Yredelemnul.
  1638 | D:2      | Found a bloodstained altar of Trog.
  1640 | D:2      | Found a bloodstained altar of Trog.
  1640 | D:2      | Found a snail-covered altar of Cheibriados.
  1642 | D:2      | Found a snail-covered altar of Cheibriados.
  1642 | D:2      | Found a shimmering altar of Xom.
  1642 | D:2      | Found a deep blue altar of Sif Muna.
  2169 | D:3      | Reached XP level 7. HP: 55/55 MP: 7/7
  2524 | D:4      | Noticed Menkaure
  2531 | D:4      | Reached skill level 5 in Fighting
  2531 | D:4      | Reached skill level 5 in Armour
  2540 | D:3      | Killed Menkaure
  2872 | D:4      | Reached skill level 6 in Shields
  2934 | D:4      | Found an iron altar of Okawaru.
  2935 | D:4      | Noticed a yak
  2936 | D:4      | Noticed a yak
  2939 | D:4      | Noticed a yak
  2940 | D:4      | Noticed a yak
  2941 | D:4      | Noticed a yak
  2941 | D:4      | Became a worshipper of Warmaster Okawaru
  2967 | D:4      | Killed a yak
  2967 | D:4      | Reached XP level 8. HP: 13/64 MP: 8/8
  2977 | D:4      | Killed a yak
  2987 | D:4      | Killed a yak
  2987 | D:4      | Reached skill level 5 in Staves
  3000 | D:4      | HP: 2/64 [yak (10)]
  3001 | D:4      | Killed a yak
  3001 | D:4      | Reached * piety under Okawaru
  3001 | D:4      | Reached skill level 7 in Shields
  3002 | D:4      | Slain by a yak

Vault maps used:
D:1:      lemuel_arrival_cross, serial_park_tiny_1, serial_bayou_crossing
D:2:      yredelemnul_altar_generic, doesnt_xom_only_xom, uniq_sigmund
D:4:      minmay_temple_entry_poolview, first_bread, okawaru_gym_becter,
          uniq_menkaure

Skill      XL: |  1  2  3  4  5  6  7  8 |
---------------+-------------------------+-----
Shields        | 4 5 6 7 |  7.1
Fighting       | 4 5 6 |  6.2
Staves         | 3 4 5 |  5.2
Armour         | 4 5 6 |  6.2

Action                   |  1- 3 |  4- 6 |  7- 9 || total
-------------------------+-------+-------+-------++-------
Melee: Quarterstaff      |    94 |   157 |   109 ||   360
  Use: Potion            |       |     1 |     5 ||     6
  Eat: Chunk             |       |     5 |     2 ||     7
Armor: Scale mail        |    58 |    79 |    34 ||   171
Dodge: Dodged            |    30 |    45 |    34 ||   109
Block: Shield            |    71 |   100 |    45 ||   216

Table legend:
 A = Spawn XP
 B = Non-spawn XP
 C = Spawn XP percentage of total XP
 D = Spawn monster count
 E = Non-spawn monster count
 F = Spawn count percentage of total count
 G = Total turns spent on level
                    A         B        C        D         E        F      G
               +---------+---------+-------+---------+---------+-------+---------
         Total |       0 |    1724 |   0.0 |       0 |      84 |   0.0 |  3002
               +---------+---------+-------+---------+---------+-------+---------
           D:1 |       0 |      51 |   0.0 |       0 |      23 |   0.0 |   976
           D:2 |       0 |     294 |   0.0 |       0 |      18 |   0.0 |   717
           D:3 |       0 |     375 |   0.0 |       0 |      28 |   0.0 |  1040
           D:4 |       0 |    1004 |   0.0 |       0 |      15 |   0.0 |   269
               +---------+---------+-------+---------+---------+-------+---------
